 Dungeon Crawl Stone Soup version 0.29-a0-275-g389c0b56f3 (webtiles) character file.

Game seed: 6037001768389912767

30 dolemite99 the Bolt Thrower (level 3, 0/29 HPs)
             Began as a Draconian Hunter on Mar 12, 2022.
             Was a Follower of Nemelex Xobeh.
             Slain by a scorpion (7 damage)
             ... on level 2 of the Dungeon.
             The game lasted 00:01:31 (977 turns).

dolemite99 the Bolt Thrower (Draconian Hunter)       Turns: 977, Time: 00:01:32

Health: 0/29       AC:  5    Str: 14    XL:     3   Next: 5%
Magic:  3/3        EV: 12    Int: 11    God:    Nemelex Xobeh [*.....]
Gold:   142        SH:  0    Dex: 13    Spells: 2/2 levels left

rFire   . . .      SeeInvis .   a - +1 hand crossbow
rCold   . . .      Faith    .   (no shield)
rNeg    . . .      Spirit   .   (body armour unavailable)
rPois   .          Reflect  .   (helmet restricted)
rElec   .          Harm     .   (no cloak)
rCorr   .          Rampage  .   (no gloves)
Will    .....                   (no boots)
Stlth   ++........              (no amulet)
HPRegen 0.09/turn               (no ring)
MPRegen 0.08/turn               (no ring)

@: lethally poisoned (0 -> -5)
A: AC +5, unfitting armour, cold-blooded
a: Renounce Religion, Draw Escape, Draw Destruction, Draw Summoning


You were on level 2 of the Dungeon.
You worshipped Nemelex Xobeh.
Nemelex Xobeh was aware of your devotion.
You visited 1 branch of the dungeon, and saw 2 of its levels.

You collected 142 gold pieces.

Inventory:

Hand Weapons
 a - a +1 hand crossbow (weapon)
 c - a +0 morningstar
Missiles
 g - 4 datura-tipped darts
 h - 37 stones
 i - 3 poisoned darts
 j - 2 throwing nets
Scrolls
 b - 2 scrolls of immolation
 d - 3 scrolls of identify {unknown}
 k - a scroll of teleportation {unknown}
Potions
 e - a potion of attraction {unknown}
 f - a potion of flight {unknown}


   Skills:
 - Level 2.1 Fighting
 + Level 4.5 Crossbows
 - Level 1.7 Dodging
 - Level 0.8 Stealth


You had 2 spell levels left.
You didn't know any spells.
Your spell library was empty.

Dungeon Overview and Level Annotations

Branches:
Dungeon (2/15)

Altars:
Nemelex Xobeh


Innate Abilities, Weirdness & Mutations

Your plain brown scales are hard. (AC +5)
You cannot fit into any form of body armour.
You are cold-blooded and may be slowed by cold attacks.


Message History

The scorpion is moderately wounded.
You shoot a bolt.
The bolt hits the scorpion but does no damage.
The scorpion is moderately wounded.
You shoot a bolt.
The bolt hits the scorpion but does no damage.
The scorpion is moderately wounded.
The scorpion stings you but does no damage.
The scorpion closely misses you.
Shoot: a) +1 hand crossbow
Press: ? - help, Shift-Dir - straight line, f/p - scorpion
Aim: a scorpion (moderately wounded, 63% to hit)
You shoot a bolt. The bolt closely misses the scorpion.
The scorpion completely misses you.
Shoot: a) +1 hand crossbow
Press: ? - help, Shift-Dir - straight line, f/p - scorpion
Aim: a scorpion (moderately wounded, 63% to hit)
You shoot a bolt.
The bolt hits the scorpion but does no damage.
The scorpion is moderately wounded.
The scorpion stings you.
You are poisoned.
The scorpion poisons you!
The scorpion stings you but does no damage.
Shoot: a) +1 hand crossbow
Press: ? - help, Shift-Dir - straight line, f/p - scorpion
Aim: a scorpion (moderately wounded, 63% to hit)
You shoot a bolt. The bolt barely misses the scorpion.
You feel very sick. The scorpion stings you.
Shoot: a) +1 hand crossbow
Press: ? - help, Shift-Dir - straight line, f/p - scorpion
Aim: a scorpion (moderately wounded, 63% to hit)
You shoot a bolt. The bolt hits the scorpion.
The scorpion is moderately wounded.
You feel sick. The scorpion stings you!
* * * LOW HITPOINT WARNING * * *
The scorpion stings you!
You die...
Your body disappears without a glow.

#......##
......## ...
.....## #.#
....## #.#
.†.## #.#
..## ... .##
### #.# ##
#.## #s# #
#..## #@# #
#...####.#
###
#........#
..###
#...######
....###
#..##
......#+#.##
##......#.#
###......#
###..###


You could see a scorpion.

Vanquished Creatures
  2 adders (D:2)
  An endoplasm (D:2)
  2 goblins (D:1)
  A kobold (D:2)
  A quokka (D:2)
  3 ball pythons
  2 frilled lizards (D:1)
  2 rats
14 creatures vanquished.

Notes
Turn   | Place    | Note
-------+----------+-------------------------------------------
     0 | D:1      | dolemite99 the Draconian Hunter began the quest for the
                  | Orb.
     0 | D:1      | Reached XP level 1. HP: 17/17 MP: 1/1
   437 | D:2      | Reached skill level 4 in Crossbows
   476 | D:2      | Reached XP level 2. HP: 24/24 MP: 2/2
   645 | D:2      | Found a faded altar of an unknown god.
   778 | D:2      | Prayed at the altar of an unknown god.
   778 | D:2      | Became a worshipper of Nemelex Xobeh the Trickster
   778 | D:2      | Reached * piety under Nemelex Xobeh
   778 | D:2      | Received a gift from Nemelex Xobeh
   900 | D:2      | Reached XP level 3. HP: 29/29 MP: 3/3
   969 | D:2      | Noticed a scorpion
   977 | D:2      | Slain by a scorpion

Illustrated notes

Levels and vault maps discovered:
D:1:      moated_graveyard_arrival, layout_rooms, serial_bayou_pond_c
D:2:      minmay_razor_zed, layout_loops_cross, chequers_ecumenical_altar_grove

Skill      XL: |  1 |
---------------+----+-----
Crossbows      | 4 |  4.5
Fighting       | |  2.1
Dodging        | |  1.7
Stealth        | |  0.8

Action                   || total
-------------------------++-------
 Fire: Hand crossbow     ||    33
Armor: Skin              ||     2
Dodge: Dodged            ||     3

Table legend: (Time is in decaauts)
 A = Elapsed time spent in this place.
 B = Non-inter-level travel time spent in this place.
 C = Inter-level travel time spent in this place.
 D = Time resting spent in this place.
 E = Time spent auto-exploring this place.
 F = Levels seen in this place.
 G = Mean time per level.
                   A        B        C        D        E       F      G
               +--------+--------+--------+--------+--------+-----+--------+
         Total |    992 |    940 |     52 |      0 |    784 |   2 |  496.0 |
       Dungeon |    992 |    940 |     52 |      0 |    784 |   2 |  496.0 |
               +--------+--------+--------+--------+--------+-----+--------+

Top non-repeatable levels by time:
     D:2: 594 daAuts
     D:1: 398 daAuts
